 Dungeon Crawl Stone Soup version 0.12.2-22-g286eab9 (webtiles) character file.

562 Sachiko the Blackguard (level 6, 0/28 HPs)
             Began as a Spriggan Enchanter on Aug 26, 2013.
             Was a Follower of Ashenzari.
             Succumbed to poison (a potion of poison)
             ... on Level 4 of the Dungeon.
             The game lasted 00:29:50 (3944 turns).

Sachiko the Blackguard (Spriggan Enchanter)         Turns: 3944, Time: 00:29:50

HP   0/28        AC  5     Str  6      XL: 6   Next: 56%
MP   4/25        EV 24     Int 16      God: Ashenzari [*.....]
Gold 156         SH  0     Dex 22      Spells:  3 memorised,  1 level left

Res.Fire  : . . .   See Invis. : +   g - +1 dagger (speed) (curse)
Res.Cold  : . . .   Warding    : .   b - +2 robe
Life Prot.: . . .   Conserve   : .   (shield restricted)
Res.Poison: .       Res.Corr.  : .   o - +0 wizard hat
Res.Elec. : .       Clarity    : .   u - +0 cloak
Sust.Abil.: . .     Spirit.Shd : .   (gloves unavailable)
Res.Mut.  : .       Stasis     : +   (boots unavailable)
Res.Rott. : .       Ctrl.Telep.: .   k - amulet of stasis
Saprovore : . . .   Flight     : .   p - ring of invisibility
                                     f - ring of magical power

@: agile, mildly poisoned, very quick, somewhat resistant to hostile
enchantments, very stealthy
A: unfitting armour, see invisible, herbivore 3, speed 3, slow metabolism 2
a: Renounce Religion, Evoke Invisibility


You were on level 4 of the Dungeon.
You worshipped Ashenzari.
Ashenzari was pleased with you.
You were near starving.

You visited 2 branches of the dungeon, and saw 6 of its levels.

You collected 136 gold pieces.

Inventory:

Hand weapons
 a - a +2,+2 dagger {=f}
 g - a cursed +1,+1 dagger of speed (weapon)
 l - a +0,+0 dagger of venom
Missiles
 d - 59 darts (quivered)
Armour
 b - a +2 robe (worn)
 o - a +0 wizard hat (worn)
 u - a +0 cloak (worn)
Comestibles
 m - 2 bread rations
Scrolls
 i - 2 scrolls of enchant armour
 n - a scroll of curse weapon
 w - a scroll of recharging {unknown}
Jewellery
 f - a ring of magical power (left hand)
 k - an amulet of stasis (around neck)
 p - a ring of invisibility (right hand)
 v - a +5 ring of strength
Potions
 e - a potion of porridge
 h - a potion of agility
 j - 2 potions of flight
 s - 2 potions of resistance
Books
 c - a book of Maledictions

   Spells                             Type                      Level
   *Corona                            Hexes                        1
   Sure Blade                         Hexes/Charms                 2
   *Ensorcelled Hibernation           Hexes/Ice                    2
   *Confuse                           Hexes                        3
   Enslavement                        Hexes                        4
   Invisibility                       Hexes                        6
 r - a book of Geomancy

   Spells                             Type                      Level
   Sandblast                          Earth                        1
   Stoneskin                          Transmutation/Earth          2
   Passwall                           Transmutation/Earth          3
   Stone Arrow                        Conjuration/Earth            3
   Petrify                            Transmutation/Earth          4
   Lee's Rapid Deconstruction         Earth                        5


   Skills:
 - Level 1.1 Short Blades
 - Level 1.1 Throwing
 - Level 3.0 Dodging
 - Level 3.0 Stealth
 + Level 9.8 Stabbing
 - Level 1.3 Spellcasting
 - Level 3.6 Hexes


You had one spell level left.
You knew the following spells:

 Your Spells              Type           Power        Failure   Level  Hunger
a - Corona                Hex            ###.....     8%          1    ##.....
b - Ensorcelled Hibernat  Hex/Ice        ##.....      17%         2    ###....
c - Confuse               Hex            ###......    17%         3    ####...


Dungeon Overview and Level Annotations

Branches:
Dungeon (5/27)             Temple (1/1) D:4

Altars:
Ashenzari
Cheibriados
Elyvilon
Fedhas
Makhleb
Nemelex Xobeh
Sif Muna
Trog
Vehumet
Yredelemnul
Zin
the Shining One

Annotations
D:3 Blork the orc


Innate Abilities, Weirdness & Mutations

You are tiny and cannot use many weapons and most armour.
You have supernaturally acute eyesight.
You are a herbivore.
You cover ground extremely quickly.
You need consume almost no food.


Message History

The phantom blinks!
* * * LOW HITPOINT WARNING * * *
You feel sick.
* * * LOW HITPOINT WARNING * * *
You feel sick.
The orc wizard shouts!
Read which item? (? for menu, Esc to quit)
Okay, then.
Drink which item? (? for menu, Esc to quit)
Okay, then.
Drink which item? (? for menu, Esc to quit)
You feel more agile all of a sudden.
* * * LOW HITPOINT WARNING * * *
You feel sick.
* * * LOW HITPOINT WARNING * * *
You feel sick. The phantom completely misses you.
* * * LOW HITPOINT WARNING * * *
You feel sick.
You feel a little better.
You die...

#.# . ... #.# #..#
#.# #..# ..# #..#
..# #..# %.# #..#
..# #..# ..# #..#
..# # #@.# ...
...########..# ...
...........p..#
..................#
.. .........####.#
.o......# #.#
o....o..# #.#
##......# #.#
#......#'##.#


You could see a phantom.

Vanquished Creatures
  The ghost of adg the Chopper, an average HOBe of Trog (D:3)
  2 hounds
  A scorpion (D:4)
  An iguana (D:4)
  2 worker ants (D:4)
  6 adders
  A giant mite (D:2)
  3 giant geckos
  2 oozes (D:1)
  5 orcs (D:3)
  2 giant cockroaches (D:1)
  13 goblins
  11 hobgoblins
  13 jackals
  2 quokkas
  A ball python (D:1)
  5 bats
  6 giant newts
  7 kobolds
  8 rats
92 creatures vanquished.

Notes
Turn   | Place    | Note
--------------------------------------------------------------
     0 | D:1      | Sachiko, the Spriggan Enchanter, began the quest for the Orb.
     0 | D:1      | Reached XP level 1. HP: 9/9 MP: 4/4
   992 | D:1      | Reached XP level 2. HP: 13/13 MP: 6/6
  1148 | D:1      | Learned a level 2 spell: Ensorcelled Hibernation
  1251 | D:1      | Reached skill level 4 in Stabbing
  1375 | D:1      | Reached XP level 3. HP: 12/16 MP: 1/9
  1561 | D:2      | Reached skill level 5 in Stabbing
  1839 | D:2      | Reached XP level 4. HP: 21/21 MP: 11/11
  2026 | D:2      | Found a glowing silver altar of Zin.
  2189 | D:3      | Found a shattered altar of Ashenzari.
  2193 | D:3      | Became a worshipper of Ashenzari the Shackled
  2209 | D:3      | Noticed adg's ghost (average HOBe)
  2298 | D:3      | Reached skill level 6 in Stabbing
  2316 | D:3      | Found a snail-covered altar of Cheibriados.
  2331 | D:3      | Noticed Blork the orc
  2426 | D:3      | Reached skill level 7 in Stabbing
  2526 | D:3      | Found a deep blue altar of Sif Muna.
  2981 | D:3      | Reached XP level 5. HP: 24/24 MP: 13/13
  3282 | D:4      | Learned a level 3 spell: Confuse
  3283 | D:4      | Noticed an orc warrior
  3351 | D:3      | Killed adg's ghost
  3351 | D:3      | Reached skill level 8 in Stabbing
  3542 | D:4      | Found a burning altar of Makhleb.
  3574 | D:4      | Found a staircase to the Ecumenical Temple.
  3597 | D:4      | Reached XP level 6. HP: 21/28 MP: 13/16
  3599 | D:4      | Reached skill level 9 in Stabbing
  3700 | Temple   | Entered the Ecumenical Temple
  3864 | D:5      | Entered Level 5 of the Dungeon
  3901 | D:4      | Noticed a phantom
  3942 | D:4      | HP: 1/28 [poison (a potion of poison)]
  3944 | D:4      | Succumbed to poison (a potion of poison)

Action                   |  1- 3 |  4- 6 || total
-------------------------+-------+-------++-------
Melee: Dagger            |   123 |    98 ||   221
Throw: Dart              |     8 |       ||     8
 Cast: Ensorcelled Hiber |    26 |    51 ||    77
       Confuse           |       |     7 ||     7
  Use: Potion            |     5 |     5 ||    10
       Scroll            |     8 |     5 ||    13
 Stab: Sleeping          |    26 |    36 ||    62
       Confused          |       |     4 ||     4
       Distracted        |       |     1 ||     1
       Invisible         |       |     1 ||     1
